 Dungeon Crawl Stone Soup version 0.26.0-20-g3ca415f5b8 (webtiles) character file.

Game seed: 958828264109941581

249 thiole the Sneak (level 6, -1/36 HPs)
             Began as an Octopode Hedge Wizard on Jan 25, 2021.
             Slain by a worker ant (7 damage)
             ... on level 4 of the Dungeon.
             The game lasted 00:08:21 (3604 turns).

thiole the Sneak (Octopode Hedge Wizard)            Turns: 3604, Time: 00:08:22

Health: -1/36      AC:  1    Str:  9 (10) XL:     6   Next: 12%
Magic:  6/12       EV: 13    Int: 16 (18) God:
Gold:   139        SH:  0    Dex: 10 (11) Spells: 5/13 levels left

rFire    . . .     SeeInvis .   a - +0 dagger
rCold    . . .     Faith    .   (no shield)
rNeg     . . .     Spirit   .   b - +0 hat
rPois    .         Reflect  .   (no amulet)
rElec    .         Harm     .   (no ring)
rCorr    .         Rampage  .   (no ring)
Will     .....                  (no ring)
Stlth    ++++......             (no ring)
HPRegen  0.12/turn              (no ring)
MPRegen  0.13/turn              (no ring)
                                (no ring)
                                (no ring)

@: hasted, very quick
A: almost no armour, stealthy swim, amphibious, 8 rings, constrict 8, camouflage
1, gelatinous body 1
a: no special abilities


You were on level 4 of the Dungeon.
You visited 1 branch of the dungeon, and saw 3 of its levels.
You also visited: Ossuary.

You collected 139 gold pieces.

Inventory:

Hand Weapons
 a - a +0 dagger (weapon)
Missiles
 d - 144 stones
Armour
 b - a +0 hat (worn)
Scrolls
 c - a scroll of fear {unknown}
 f - 2 scrolls of enchant armour {unknown}
 g - 9 scrolls of identify {unknown}
 j - a scroll of amnesia {unknown}
 k - a scroll of fog {unknown}
 l - a scroll of remove curse {unknown}
 m - 2 scrolls of enchant weapon {unknown}
 n - 2 scrolls of noise {unknown}
Potions
 e - a potion of curing
 h - a potion of heal wounds {unknown}
 i - a potion of flight {unknown}
 o - a potion of haste
 p - a potion of degeneration


   Skills:
 - Level 2.0 Dodging
 + Level 5.2 Stealth
 + Level 4.0 Spellcasting
 - Level 2.0 Conjurations
 - Level 2.0 Summonings
 - Level 1.0 Translocations
 - Level 2.0 Air Magic
 - Level 2.0 Poison Magic


You had 5 spell levels left.
You knew the following spells:

 Your Spells              Type           Power        Failure   Level
a - Magic Dart            Conj           36%          8%          1
b - Call Imp              Summ           9%           11%         2
c - Slow                  Hex            3%           26%         2
d - Mephitic Cloud        Conj/Pois/Air  9%           22%         3

Your spell library contained the following spells:

 Spells                   Type           Power        Failure   Level
 Blink                    Tloc           N/A          17%         2
 Conjure Flame            Conj/Fire      6%           32%         3


Dungeon Overview and Level Annotations

Branches:
Dungeon (4/15)            Ossuary (visited)
 Temple: D:4-7

Altars:
Ashenzari
Nemelex Xobeh


Innate Abilities, Weirdness & Mutations

You cannot wear most types of armour.
You are very stealthy in the water. (Stealth+)
You are amphibious.
You can wear up to eight rings at the same time.
You can use your tentacles to constrict eight enemies at once.
Your skin changes colour to match your surroundings (Stealth+).
Your rubbery body absorbs attacks. (AC +1, EV +1)


Message History

Your crimson imp blinks!
The quokka barely misses you.
Your Spellcasting skill increases to level 4!
You hit the worker ant but do no damage.
You grab the worker ant.
The worker ant is heavily wounded.
You constrict the worker ant. The hound closely misses you.
The worker ant bites you.
* * * LOW HITPOINT WARNING * * *
The ooze barely misses your crimson imp.
You hit the worker ant but do no damage.
The worker ant is heavily wounded.
You constrict the worker ant, but do no damage.
The quokka closely misses you.
Your crimson imp barely misses the hound.
Your white imp barely misses the worker ant.
The hound bites you.
* * * LOW HITPOINT WARNING * * *
The worker ant bites you!
You die...

......... .[.......
........## ##.......##
##.........######
##.......8../.....
##......JrB...?....
##.......85@58...#
#.........h†.....#
##..........8.....#
##...........5.....#
##..................#
##...≈≈≈≈≈...........#
##...##≈≈≈≈≈≈..........#
#..##.#####≈≈≈........##
#.≈≈##.# #≈≈≈≈......##


You could see a hound, a worker ant, an ooze, a quokka, 2 friendly crimson imps
and a friendly white imp (summoned).

Vanquished Creatures
  An elf zombie (Ossuary)
  A howler monkey (D:4)
  A centaur zombie (Ossuary)
  A big kobold zombie (Ossuary)
  5 adders
  An adder zombie (Ossuary)
  A worm (D:2)
  A dart slug (D:1)
  2 giant cockroaches
  3 goblins
  2 hobgoblins
  3 jackals (D:1)
  2 quokkas (D:2)
  4 bats
  3 frilled lizards
  2 hobgoblin zombies (Ossuary)
  A jackal zombie (Ossuary)
  10 kobolds
  3 kobold zombies (Ossuary)
  5 rats
  A rat zombie (Ossuary)
53 creatures vanquished.

Vanquished Creatures (collateral kills)
  A centaur zombie (Ossuary)
  2 mummies (Ossuary)
  4 hobgoblin zombies (Ossuary)
  8 kobold zombies (Ossuary)
  9 orc zombies (Ossuary)
  4 rat zombies (Ossuary)
28 creatures vanquished.

Grand Total: 81 creatures vanquished

Notes
Turn   | Place    | Note
-------+----------+-------------------------------------------
     0 | D:1      | thiole the Octopode Hedge Wizard began the quest for the
                  | Orb.
     0 | D:1      | Reached XP level 1. HP: 11/11 MP: 4/4
   209 | D:1      | Reached XP level 2. HP: 15/17 MP: 0/6
   333 | D:1      | Reached skill level 3 in Stealth
  1062 | D:2      | Reached XP level 3. HP: 15/21 MP: 0/7
  1269 | D:2      | Learned a level 2 spell: Call Imp
  1272 | D:2      | Learned a level 2 spell: Slow
  1276 | D:2      | Learned a level 3 spell: Mephitic Cloud
  1316 | D:2      | Found a faded altar of an unknown god.
  1653 | D:2      | Reached XP level 4. HP: 24/27 MP: 0/8
  1793 | D:2      | Reached skill level 1 in Poison Magic
  2005 | D:2      | Found a sparkling altar of Nemelex Xobeh.
  2087 | D:2      | You fall into a shaft and drop 2 floors!
  2223 | D:4      | Found a broken altar of Ashenzari.
  2273 | D:4      | Found a sand-covered staircase.
  2288 | Ossuary  | Entered an ossuary
  2880 | Ossuary  | Reached skill level 4 in Stealth
  2880 | Ossuary  | Reached skill level 1 in Air Magic
  2880 | Ossuary  | Reached XP level 5. HP: 31/31 MP: 2/10
  3279 | Ossuary  | Reached skill level 5 in Stealth
  3279 | Ossuary  | Reached XP level 6. HP: 10/36 MP: 2/11
  3604 | D:4      | Slain by a worker ant

Illustrated notes

Levels and vault maps discovered:
D:1:      dpeg_arrival_fog, layout_rooms
D:2:      layout_loops_ring, lemuel_round_altar,
          chequers_ecumenical_altar_simple_redux, minmay_circle_x, uniq_jessica
D:4:      layout_cave_pods, nicolae_ossuary_entry_monument, serial_glass,
          glass_columns_a, glass_columns_c, hangedman_glass_teeth,
          grunt_decor_junction, cheibrodos_ashenzari_chains

Skill      XL: |  1  2  3  4  5  6 |
---------------+-------------------+-----
Stealth        | 3 4 5 |  5.2
Conjurations   | 2 |  2.0
Summonings     | 2 |  2.0
Poison Magic   | 2 |  2.0
Air Magic      | 1 2 |  2.0
Spellcasting   | 4 |  4.0
Dodging        | |  2.0
Translocations | |  1.0

Action                   |  1- 3 |  4- 6 || total
-------------------------+-------+-------++-------
Melee: Dagger            |    29 |    54 ||    83
       Constrict         |     8 |    13 ||    21
       Tentacles         |     4 |    13 ||    17
 Cast: Magic Dart        |    67 |    44 ||   111
       Call Imp          |       |    33 ||    33
  Use: Potion            |       |     5 ||     5
 Stab: Sleeping          |     1 |       ||     1
Armor: Skin              |     3 |     2 ||     5
Dodge: Dodged            |    16 |    54 ||    70
